 Dungeon Sprint DCSS version 0.22.1-1-ga44c0e56f4 (webtiles) character file.

606 MuseOD the Covert (level 7, -2/36 HPs)
             Began as a Spriggan Enchanter on Sept 21, 2018.
             Was an Initiate of Dithmenos.
             Slain by a polar bear (16 damage)
             ... in the Dungeon (Sprint II: "The Violet Keep of Menkaure").
             The game lasted 00:01:04 (154 turns).

MuseOD the Covert (Spriggan Enchanter)               Turns: 154, Time: 00:01:04

Health: -2/36      AC:  2    Str:  4    XL:     7   Next: 19%
Magic:  3/20       EV: 18    Int: 18    God:    Dithmenos [......]
Gold:   243        SH:  0    Dex: 17    Spells: 15/24 levels left

rFire    . . .     SeeInvis +   a - +1 dagger
rCold    . . .     Gourm    .   (shield restricted)
rNeg     . . .     Faith    .   b - +0 robe
rPois    .         Spirit   .   (helmet restricted)
rElec    .         Reflect  .   (no cloak)
rCorr    .         Harm     .   (gloves unavailable)
MR       +....     NoTele   +   (boots unavailable)
Stlth    ++++++....             (no amulet)
HPRegen  0.12/turn              (no ring)
MPRegen  0.17/turn              (no ring)

@: very quick
A: very small, unfitting armour, see invisible, herbivore, speed 3, slow
metabolism 2
a: Renounce Religion


You were in the Dungeon.
You worshipped Dithmenos.
Dithmenos was noncommittal.
You were not hungry.

You visited 1 branch You collected 243 gold pieces.

Inventory:

Hand Weapons
 a - a +1 dagger (weapon)
Armour
 b - a +0 robe (worn)
Scrolls
 j - a scroll of blinking
Potions
 e - a potion of curing
 f - a potion of heal wounds
 g - a potion of haste
 h - 2 potions of magic
 i - a potion of berserk rage
Comestibles
 d - a ration


   Skills:
 - Level 3.3 Fighting
 - Level 6.8 Short Blades
 - Level 3.0 Dodging
 + Level 13.5 Stealth
 + Level 9.4 Spellcasting
 + Level 9.7 Hexes


You had 15 spell levels left.
You knew the following spells:

 Your Spells              Type           Power        Failure   Level  Hunger
a - Corona                Hex            #####..      1%          1    None
b - Ensorcelled Hibernat  Hex/Ice        ####..       1%          2    None
c - Confuse               Hex            #####...     1%          3    None
d - Dazzling Spray        Conj/Hex       ####..       3%          3    None

Your spell library contained the following spells:

 Spells                   Type           Power        Failure   Level  Hunger
 Tukima's Dance           Hex            #####...     1%          3    None


Dungeon Overview and Level Annotations

Branches:
Dungeon (1/1)

Altars:
Cheibriados
Dithmenos
Elyvilon
Fedhas
Gozag
Hepliaklqana
Kikubaaqudgha
Makhleb
Nemelex Xobeh
Okawaru
Qazlal
Ru
Sif Muna
Trog
Uskayaw
Vehumet
Wu Jian
Xom
Yredelemnul
Zin
The Shining One
Beogh
Jiyva
Lugonu


Innate Abilities, Weirdness & Mutations

You are very small and have problems with some larger weapons.
You are too small for most types of armour.
You have supernaturally acute eyesight. (SInv)
You are a herbivore.
You cover ground extremely quickly.
You need to consume almost no food.


Message History

The polar bear is heavily wounded.
The yaktaur is no longer moving slowly.
The polar bear is no longer moving slowly.
You closely miss the polar bear.
The polar bear is severely wounded.
The polar bear bites you.
The polar bear claws you but does no damage.
The polar bear completely misses you.
You completely miss the polar bear.
The polar bear is heavily wounded.
Unknown command.
You hit the polar bear but do no damage.
The polar bear is heavily wounded.
The polar bear bites you! The polar bear misses you.
The polar bear completely misses you.
Unknown command.
You hit the polar bear.
The polar bear is severely wounded.
The polar bear bites you!
You die...

.. .. #. .#### +.### ...#
...# ## ###..## #..# $# (([
+###.##..# +..# .#▓![%$?
.##..##..# #..# .#▓??(%(=
<.'##.'..####..##h#▓[)$$$$!
.##..##....###^.@##▓▓▓▓▓▓▓+
+###.##......≈≈≈≈≈≈≈≈≈≈≈≈≈
###§≈.....≈#'########+##
#≈§≈≈≈§≈..≈#._._._..#§≈≈#
#≈≈≈≈≈≈§≈.≈#.._._._.#t§§≈
#≈≈≈≈≈≈≈§≈≈≈#._._._._#≈≈§§
≈≈≈§§§≈≈≈≈≈≈≈#_._._._.#§§t
+++#≈§≈≈§§≈≈≈#._._._..#§§§
##≈≈≈###≈§#_._._...#§§§


You could see a polar bear.

Vanquished Creatures
  2 polar bears (D)
  Menkaure (D)
  A crocodile (D)
  4 worker ants (D)
8 creatures vanquished.

Notes
Turn   | Place    | Note
-------+----------+-------------------------------------------
     0 | D        | MuseOD the Spriggan Enchanter began the quest for the Orb.
     0 | D        | Reached XP level 1. HP: 9/9 MP: 5/5
     1 | D        | Noticed a worker ant
     1 | D        | Noticed a worker ant
     1 | D        | Noticed a worker ant
     1 | D        | Noticed a worker ant
     4 | D        | Killed a worker ant
     4 | D        | Reached skill level 6 in Stealth
     4 | D        | Reached XP level 2. HP: 15/15 MP: 6/6
     5 | D        | Reached skill level 5 in Short Blades
     5 | D        | Reached XP level 3. HP: 19/19 MP: 8/8
     9 | D        | Learned a level 2 spell: Ensorcelled Hibernation
    13 | D        | Learned a level 3 spell: Confuse
    15 | D        | Reached skill level 7 in Stealth
    15 | D        | Reached XP level 4. HP: 24/24 MP: 9/9
    17 | D        | Reached skill level 8 in Stealth
    21 | D        | Noticed Menkaure
    23 | D        | Noticed a crocodile
    26 | D        | Killed Menkaure
    26 | D        | Reached skill level 9 in Stealth
    26 | D        | Reached skill level 5 in Hexes
    26 | D        | Reached XP level 5. HP: 28/28 MP: 6/12
    30 | D        | Killed a crocodile
    30 | D        | Reached skill level 10 in Stealth
    30 | D        | Reached skill level 5 in Spellcasting
    31 | D        | Found a glowing silver altar of Zin.
    33 | D        | Found a glowing golden altar of the Shining One.
    33 | D        | Found a basalt altar of Yredelemnul.
    33 | D        | Found a hide-covered altar of Uskayaw.
    33 | D        | Found a radiant altar of Vehumet.
    34 | D        | Found a shimmering altar of Xom.
    34 | D        | Found a bloodstained altar of Trog.
    34 | D        | Found a burning altar of Makhleb.
    35 | D        | Found an ornate altar of the Wu Jian Council.
    35 | D        | Found a deep blue altar of Sif Muna.
    35 | D        | Found a corrupted altar of Lugonu.
    36 | D        | Found a sacrificial altar of Ru.
    36 | D        | Found an ancient bone altar of Kikubaaqudgha.
    36 | D        | Found a white marble altar of Elyvilon.
    37 | D        | Found a stormy altar of Qazlal.
    37 | D        | Found a viscous altar of Jiyva.
    37 | D        | Found a shadowy altar of Dithmenos.
    38 | D        | Found a hazy altar of Hepliaklqana.
    38 | D        | Found a snail-covered altar of Cheibriados.
    40 | D        | Found a roughly hewn altar of Beogh.
    40 | D        | Found a sparkling altar of Nemelex Xobeh.
    40 | D        | Found a blossoming altar of Fedhas.
    41 | D        | Found an opulent altar of Gozag.
    41 | D        | Found an iron altar of Okawaru.
    43 | D        | Noticed a crocodile
    46 | D        | Became a worshipper of Dithmenos the Shadowed
    47 | D        | Noticed a crocodile
   129 | D        | Learned a level 3 spell: Dazzling Spray
   129 | D        | Noticed a yaktaur
   129 | D        | Noticed a hornet
   129 | D        | Noticed a polar bear
   129 | D        | Noticed a polar bear
   133 | D        | Killed a polar bear
   133 | D        | Reached skill level 12 in Stealth
   133 | D        | Reached XP level 6. HP: 32/32 MP: 12/18
   134 | D        | Noticed a polar bear
   141 | D        | Killed a polar bear
   141 | D        | Reached skill level 13 in Stealth
   141 | D        | Reached XP level 7. HP: 32/36 MP: 10/20
   154 | D        | Slain by a polar bear

Skill      XL: |  1  2  3  4  5  6 |
---------------+-------------------+-----
Fighting       | 2 3 |  3.3
Short Blades   | 4 5 6 |  6.8
Stealth        | 6 7 9 12 13 | 13.5
Spellcasting   | 4 8 9 |  9.4
Hexes          | 5 8 9 |  9.7
Dodging        | |  3.0

Action                   |  1- 3 |  4- 6 |  7- 9 || total
-------------------------+-------+-------+-------++-------
Melee: Dagger            |     3 |    16 |     9 ||    28
 Cast: Confuse           |       |     4 |     3 ||     7
       Ensorcelled Hiber |       |     1 |       ||     1
 Stab: Sleeping          |     3 |     1 |       ||     4
       Confused          |       |     6 |       ||     6
Armor: Robe              |       |       |     2 ||     2
Dodge: Dodged            |       |     5 |    13 ||    18
